 Dungeon Crawl Stone Soup version 0.27-a0-1291-geefcff550b (webtiles) character file.

Game seed: 9447430759980954390

235 lunkers the Gusty (level 5, -6/28 HPs)
             Began as a Deep Elf Air Elementalist on June 15, 2021.
             Killed by divine providence
             ... invoked by an orc priest
              (11 damage)
             ... on level 4 of the Dungeon on June 16, 2021.
             The game lasted 00:06:57 (3416 turns).

lunkers the Gusty (Deep Elf Air Elementalist)       Turns: 3416, Time: 00:06:59

Health: -6/28      AC:  5    Str:  5    XL:     5   Next: 76%
Magic:  13/13      EV: 12    Int: 21    God:
Gold:   124        SH:  0    Dex: 15    Spells: 6/12 levels left

rFire    . . .     SeeInvis .   (no weapon)
rCold    . . .     Faith    .   (no shield)
rNeg     . . .     Spirit   .   a - +0 robe
rPois    .         Reflect  .   i - +0 helmet
rElec    .         Harm     .   (no cloak)
rCorr    .         Rampage  .   j - +0 pair of gloves
Will     .....                  e - +0 pair of boots
Stlth    ++........             k - amulet of regeneration
HPRegen  1.09/turn              (no ring)
MPRegen  0.13/turn              (no ring)

@: no status effects
A: no striking features
a: no special abilities


You were on level 4 of the Dungeon.
You visited 1 branch of the dungeon, and saw 4 of its levels.

You collected 124 gold pieces.

Inventory:

Armour
 a - a +0 robe (worn)
 e - a +0 pair of boots (worn)
 i - a +0 helmet (worn)
 j - a +0 pair of gloves (worn)
Jewellery
 k - an amulet of regeneration (around neck)
Scrolls
 g - a scroll of identify {unknown}
 l - 2 scrolls of noise {unknown}
 m - a scroll of amnesia {unknown}
 n - a scroll of teleportation {unknown}
 o - 2 scrolls of brand weapon {unknown}
Potions
 b - 2 potions of cancellation {unknown}
 c - 2 potions of haste {unknown}
 d - 2 potions of curing {unknown}
 f - a potion of degeneration {unknown}
 h - a potion of attraction {unknown}


   Skills:
 - Level 2.4 Dodging
 - Level 2.4 Stealth
 + Level 4.4 Spellcasting
 * Level 4.0 Conjurations
 * Level 4.7 Air Magic


You had 6 spell levels left.
You knew the following spells:

 Your Spells              Type           Power      Damage    Failure   Level
a - Shock                 Conj/Air       92%        1d8       1%          1
b - Static Discharge      Conj/Air       23%        N/A       2%          2
c - Swiftness             Air            24%        N/A       4%          3

Your spell library contained the following spells:

 Spells                   Type           Power      Damage    Failure   Level
 Airstrike                Air            12%        N/A       16%         4
 Confusing Touch          Hex            4%         N/A       34%         3
 Gell's Gravitas          Tloc           2%         N/A       34%         3
 Lightning Bolt           Conj/Air       11%        1d24      45%         5
 Petrify                  Tmut/Erth      4%         N/A       75%         4
 Metabolic Englaciation   Hex/Ice        2%         N/A       97%         5
 Yara's Violent Unravell  Hex/Tmut       2%         3d3       97%         5


Dungeon Overview and Level Annotations

Branches:
Dungeon (4/15)
 Temple: D:4-7

Altars:
Qazlal
Yredelemnul
Zin
The Shining One

Shops:
D:2 [


Message History

The goblin is struck by an arc of lightning.
You kill the goblin!
The lightning grounds out.
Things that are here:
a +0 club; a goblin corpse
There is a stone staircase leading up here.
Magic restored.
A kobold comes into view. It is wielding a +0 short sword.
A kobold is nearby!
A kobold is nearby!
A kobold is nearby!
The kobold hits you with a +0 short sword.
Casting: Static Discharge (safe; 2% risk of failure)
Confirm with . or Enter, or press ? or * to list all spells.
The kobold is struck by an arc of lightning.
You kill the kobold!
The lightning grounds out.
HP restored.
Found 17 stones.
Found a stone staircase leading down.
l - 2 scrolls labelled WUDIRU COEQENA (gained 1) 2 orcs come into view.
The orc shouts!
Found 13 gold pieces.
There are monsters nearby!
An orc comes into view. It is wielding a +2 hand axe of venom.
An orc priest comes into view.
It is wielding a +1 dagger of holy wrath.
The orc shouts! x2
An orc comes into view.
It is wielding a +0 hand axe and quivering boomerangs of dispersal.
The orc priest calls down the wrath of Beogh upon you.
Beogh smites you!
Ouch! That really hurt!
* * * LOW HITPOINT WARNING * * *
The orc hits you with a +0 club.
* * * LOW HITPOINT WARNING * * *
The orc hits you with a +0 flail!
* * * LOW HITPOINT WARNING * * *
The orc priest mumbles some strange prayers to Beogh against you.
Beogh smites you!
You die...

.......##
.....o..##
.....o...# ...
.........# ....
$.....o..##...
.........#..#
......oo.#.#
...........#
?......@..##
.........## #.#
......#..# ##.#
.#####..## #..#
##..# #..# ##..##
#..# ######..#####
#..###...........#
#..#.............##


You could see an orc priest and 4 orcs.

Vanquished Creatures
  A scorpion (D:3)
  An orc wizard (D:3)
  A hound skeleton (D:3)
  4 gnolls (D:3)
  2 adders
  An adder skeleton (D:3)
  A dart slug (D:1)
  9 orcs (D:3)
  6 endoplasms
  4 giant cockroaches
  9 goblins
  5 hobgoblins
  2 jackals (D:2)
  3 kobolds
  A quokka (D:3)
  4 ball pythons
  6 bats
  3 frilled lizards
  5 rats
68 creatures vanquished.

Notes
Turn   | Place    | Note
-------+----------+-------------------------------------------
     0 | D:1      | lunkers the Deep Elf Air Elementalist began the quest for
                  | the Orb.
     0 | D:1      | Reached XP level 1. HP: 10/10 MP: 6/6
   385 | D:1      | Reached XP level 2. HP: 9/15 MP: 1/8
   510 | D:1      | Found a faded altar of an unknown god.
  1321 | D:2      | Found Qesump's Armour Shop.
  1484 | D:2      | Reached XP level 3. HP: 19/19 MP: 7/9
  1685 | D:2      | Learned a level 2 spell: Static Discharge
  1689 | D:2      | Learned a level 3 spell: Swiftness
  1751 | D:2      | Found a glowing silver altar of Zin.
  2106 | D:3      | Reached XP level 4. HP: 24/24 MP: 5/11
  2298 | D:3      | Found a stormy altar of Qazlal.
  2720 | D:3      | Reached XP level 5. HP: 28/28 MP: 2/13
  3060 | D:3      | Found a basalt altar of Yredelemnul.
  3062 | D:3      | Noticed a profane servitor
  3073 | D:3      | Found a glowing golden altar of the Shining One.
  3138 | D:3      | Noticed an angel
  3416 | D:4      | Killed from afar by an orc priest

Illustrated notes

Levels and vault maps discovered:
D:1:      dpeg_arrival_court, layout_basic, basic_ecumenical_altar
D:2:      layout_basic, serial_shops, shop, basic_altar
D:3:      layout_basic, grunt_temple_overflow_holy_war, old_standard_altar
D:4:      layout_cave_pods, lemuel_doored_altar, minmay_bisected

Skill      XL: |  1  2  3  4  5 |
---------------+----------------+-----
Conjurations   | 2 3 4 |  4.0
Air Magic      | 4 |  4.7
Spellcasting   | 4 |  4.4
Dodging        | |  2.4
Stealth        | |  2.4

Action                   |  1- 3 |  4- 6 || total
-------------------------+-------+-------++-------
Melee: Unarmed           |     3 |     3 ||     6
 Cast: Shock             |    83 |       ||    83
       Static Discharge  |     5 |    39 ||    44
Armor: Robe              |     8 |     9 ||    17
Dodge: Dodged            |    13 |    19 ||    32

Table legend: (Time is in decaauts)
 A = Elapsed time spent in this place.
 B = Non-inter-level travel time spent in this place.
 C = Inter-level travel time spent in this place.
 D = Time resting spent in this place.
 E = Time spent auto-exploring this place.
 F = Levels seen in this place.
 G = Mean time per level.
                   A        B        C        D        E       F      G
               +--------+--------+--------+--------+--------+-----+--------+
         Total |   3416 |   3344 |     72 |    239 |   2644 |   4 |  854.0 |
       Dungeon |   3416 |   3344 |     72 |    239 |   2644 |   4 |  854.0 |
               +--------+--------+--------+--------+--------+-----+--------+

Top non-repeatable levels by time:
     D:3: 1419 daAuts
     D:1: 1319 daAuts
     D:2: 615 daAuts
     D:4: 62 daAuts
